 Dungeon Crawl Stone Soup version 0.30-a0-799-g109b55a442 (webtiles) character file.

Game seed: 12097566860874383212

777 Warped the Spear-Bearer (level 7, -2/50 HPs)
             Began as a Merfolk Gladiator on Feb 21, 2023.
             Killed from afar by Dowan (11 damage)
             ... with a shard of ice
             ... on level 4 of the Dungeon.
             The game lasted 00:07:51 (3041 turns).

Warped the Spear-Bearer (Merfolk Gladiator)         Turns: 3041, Time: 00:07:52

Health: -2/50      AC: 12    Str: 16    XL:     7   Next: 84%
Magic:  7/7        EV: 11    Int:  8    God:
Gold:   255        SH:  0    Dex: 15    Spells: 6/6 levels left

rFire   . . .      SeeInvis .    b - +0 glaive
rCold   . . .      Faith    .    (shield currently unavailable)
rNeg    . . .      Spirit   .    p - +2 scale mail {rPois}
rPois   +          Reflect  .    c - +1 helmet
rElec   .          Harm     .    h - +1 cloak
rCorr   .          Rampage  .    (no gloves)
Will    .....                    (no boots) Stlth
                                 (no amulet)
HPRegen 0.28/turn                (no ring)
MPRegen 0.10/turn                (no ring)

@: no status effects
A: (nimble swimmer 2), mertail
a: no special abilities


You were on level 4 of the Dungeon.
You visited 1 branch of the dungeon, and saw 4 of its levels.

You collected 255 gold pieces.

Inventory:

Hand Weapons
 a - a +0 trident
 b - a +0 glaive (weapon)
Missiles
 e - a javelin (quivered)
Armour
 c - a +1 helmet (worn)
 h - a +1 cloak (worn)
 k - a +0 chain mail
 p - a +2 scale mail of poison resistance (worn)
 t - a scarf of resistance
Wands
 s - a wand of roots (1)
Scrolls
 f - 4 scrolls of identify
 g - a scroll of poison
 j - a scroll of enchant armour
 l - 3 scrolls of immolation {unknown}
 m - a scroll of summoning {unknown}
Potions
 d - a potion of flight {unknown}
 i - 2 potions of brilliance
 n - a potion of mutation {unknown}
 r - a potion of attraction
 u - a potion of magic


   Skills:
 - Level 2.1 Fighting
 * Level 10.5 Polearms
 - Level 2.0 Throwing
 + Level 2.0 Armour
 + Level 5.2 Dodging


You had 6 spell levels left.
You didn't know any spells.
Your spell library contained the following spells:

 Spells                   Type           Power      Damage    Failure   Level
 Kiss of Death            Conj/Necr      0%         2d5       85%         1
 Confusing Touch          Hex            0%         N/A       99%         3
 Ozocubu's Armour         Ice            0%         N/A       99%         3
 Dispel Undead            Necr           0%         3d6       100%        4
 Metabolic Englaciation   Hex/Ice        0%         N/A       100%        5
 Simulacrum               Ice/Necr       0%         N/A       100%        6
 Chain Lightning          Conj/Air       0%         N/A       100%        9
 Fire Storm               Conj/Fire      0%         5d1       100%        9
 Shatter                  Erth           0%         3d5*      100%        9


Dungeon Overview and Level Annotations

Branches:
Dungeon (4/15)
 Temple: D:4-7

Altars:

Annotations:
D:4 Dowan


Innate Abilities, Weirdness & Mutations

((You are very nimble when in or above water. (Stealth+, EV+, Speed+++)))
Your lower body shifts to a powerful aquatic tail in water.


Message History

You are too injured to fight recklessly!
You are too injured to fight recklessly!
You are too injured to fight recklessly!
You are too injured to fight recklessly!
You are too injured to fight recklessly!
You are too injured to fight recklessly!
You are too injured to fight recklessly!
You hit Menkaure.
Menkaure is lightly damaged.
Menkaure calls on the powers of darkness!
Your body is wracked with pain!
* * * LOW HITPOINT WARNING * * *
Menkaure closely misses you.
You hit Menkaure.
Menkaure is lightly damaged.
Menkaure closely misses you.
You hit Menkaure.
Menkaure is moderately damaged.
Menkaure closely misses you.
You barely miss Menkaure.
Menkaure is moderately damaged.
Menkaure barely misses you. x2
You slash Menkaure!
Menkaure is almost destroyed.
The phantom hits you but does no damage.
Menkaure completely misses you.
You slice Menkaure!!
You destroy Menkaure!
The phantom hits you.
* * * LOW HITPOINT WARNING * * *
The phantom hits you but does no damage.
You feel your intelligence returning.
Your Armour skill increases to level 2!
Dowan seems to find hidden reserves of power!
The phantom hits you but does no damage.
You slash the phantom!
The phantom is moderately damaged.
Dowan casts a spell at you. The shard of ice hits you!
You die...

#. ..........).#.....###
#.#####........###.).###
#...)........).##......#
..#......[.......##......#
#................##......#
...........#....#........#
.........e.#....#........#
...........#.####...####.#
.........@W#.####...# #.#
####.##.....#......<.# #..
.....................# ###
##..................# #
#####..................#### #
..........................###
.............................
........##......##...........
........##########...........


You could see a phantom and Dowan (fast).

Vanquished Creatures
  Menkaure (D:4)
  Edmund (D:4)
  Duvessa (D:4)
  An ogre (D:4)
  A phantom (D:4)
  Blork the orc (D:4)
  Crazy Yiuf (D:3)
  Ijyb (D:4)
  Terence (D:2)
  2 orc wizards (D:4)
  A gnoll (D:4)
  2 adders
  4 dart slugs
  2 worms (D:2)
  3 orcs
  3 ball pythons
  6 bats
  4 endoplasms
  4 giant cockroaches (D:2)
  6 goblins
  5 hobgoblins
  2 jackals (D:4)
  2 quokkas
  4 frilled lizards
  5 kobolds
  3 rats
67 creatures vanquished.

Notes
Turn   | Place    | Note
-------+----------+-------------------------------------------
     0 | D:1      | Warped the Merfolk Gladiator began the quest for the Orb.
     0 | D:1      | Reached XP level 1. HP: 16/16 MP: 1/1
   141 | D:1      | Reached XP level 2. HP: 22/22 MP: 2/2
   450 | D:1      | Reached skill level 5 in Polearms
   812 | D:2      | Reached XP level 3. HP: 26/27 MP: 3/3
   896 | D:2      | Found a faded altar of an unknown god.
  1061 | D:2      | Noticed Terence
  1076 | D:2      | Killed Terence
  1077 | D:2      | Reached skill level 6 in Polearms
  1077 | D:2      | Reached XP level 4. HP: 24/33 MP: 4/4
  1251 | D:2      | You fall into a shaft and drop 1 floor!
  1688 | D:3      | Found a runed translucent door.
  1689 | D:3      | Noticed Crazy Yiuf
  1904 | D:3      | Killed Crazy Yiuf
  1905 | D:3      | Reached XP level 5. HP: 27/38 MP: 5/5
  2028 | D:4      | Noticed Edmund
  2055 | D:4      | Killed Edmund
  2056 | D:4      | Reached skill level 7 in Polearms
  2056 | D:4      | Reached skill level 1 in Armour
  2056 | D:4      | Reached XP level 6. HP: 21/44 MP: 6/6
  2176 | D:4      | Noticed Ijyb
  2211 | D:4      | Killed Ijyb
  2212 | D:4      | Reached skill level 8 in Polearms
  2630 | D:4      | Noticed Blork the orc
  2643 | D:4      | Killed Blork the orc
  2644 | D:4      | Reached skill level 9 in Polearms
  2644 | D:4      | Reached XP level 7. HP: 39/50 MP: 7/7
  2655 | D:4      | Noticed Menkaure
  2708 | D:4      | Noticed Duvessa
  2727 | D:4      | Killed Duvessa
  2728 | D:4      | Reached skill level 5 in Dodging
  2731 | D:4      | Noticed Dowan
  2919 | D:4      | Reached skill level 10 in Polearms
  3039 | D:4      | Killed Menkaure
  3041 | D:4      | Killed from afar by Dowan

Illustrated notes

Levels and vault maps discovered:
D:1:      tarquinn_simple_flora_water_a, layout_loops_ring
D:2:      layout_rooms, ebering_ecumenical_altar_rust, uniq_terence
D:3:      layout_rooms, hangedman_decor_lopped, uniq_crazy_yiuf_cottage
D:4:      layout_basic, minmay_misc_feat_ornament, kennysheep_generic_room_2,
          uniq_ijyb, uniq_menkaure, uniq_blork_the_orc, uniq_edmund,
          uniq_duvessa

Skill      XL: |  1  2  3  4  5  6  7 |
---------------+----------------------+-----
Polearms       | 5 6 7 9 10 | 10.5
Armour         | 1 2 |  2.0
Dodging        | 5 |  5.2
Fighting       | |  2.1
Throwing       | |  2.0

Action                     |  1- 3 |  4- 6 |  7- 9 || total
---------------------------+-------+-------+-------++-------
  Melee: Trident           |    94 |   195 |       ||   289
         Glaive            |       |       |    48 ||    48
  Throw: Throwing net      |       |     3 |       ||     3
  Evoke: Wand              |       |     1 |       ||     1
    Use: Potion            |       |     7 |       ||     7
         Scroll            |       |     3 |     2 ||     5
   Stab: Sleeping          |     1 |       |       ||     1
         Held in net/web   |       |     4 |       ||     4
 Armour: Leather armour    |     7 |       |       ||     7
         Ring mail         |    17 |     3 |       ||    20
         Scale mail        |       |    73 |    22 ||    95
  Dodge: Dodged            |    53 |    81 |    29 ||   163

Table legend: (Time is in decaauts)
 A = Elapsed time spent in this place.
 B = Non-inter-level travel time spent in this place.
 C = Inter-level travel time spent in this place.
 D = Time resting spent in this place.
 E = Time spent auto-exploring this place.
 F = Levels seen in this place.
 G = Mean time per level.
                   A        B        C        D        E       F      G
               +--------+--------+--------+--------+--------+-----+--------+
         Total |   3043 |   2919 |    124 |    251 |   1958 |   4 |  760.8 |
       Dungeon |   3043 |   2919 |    124 |    251 |   1958 |   4 |  760.8 |
               +--------+--------+--------+--------+--------+-----+--------+

Top non-repeatable levels by time:
     D:4: 1056 daAuts
     D:1: 773 daAuts
     D:3: 640 daAuts
     D:2: 572 daAuts
